 Dungeon Crawl Stone Soup version 0.28.0-1-gb440e238dd (webtiles) character file.

Game seed: 15758176114402167473

135471 acdeimund the Thaumaturge (level 17, 91/134 HPs)
             Began as a Gnoll Warper on Jan 28, 2022.
             Was an Elder of Okawaru.
             Quit the game on level 3 of the Lair of Beasts on Feb 21, 2022.
             The game lasted 04:22:43 (44973 turns).

acdeimund the Thaumaturge (Gnoll Warper)           Turns: 44973, Time: 04:22:44

Health: 91/134     AC: 22    Str: 18    XL:     17   Next: 19%
Magic:  33/33      EV: 18    Int: 16    God:    Okawaru [****..]
Gold:   342        SH: 15    Dex: 23    Spells: 12/41 levels left

rFire   + . .      SeeInvis +   a - +7 rapier "Trog's Hatred" {vamp, rC+ rN+ Str-4 Dex+3}
rCold   + + +      Faith    .   F - +2 buckler
rNeg    + . .      Spirit   .   V - +4 scale mail {rC+}
rPois   .          Reflect  +   u - +2 helmet {SInv}
rElec   .          Harm     .   Z - scarf {rC+ rF+}
rCorr   .          Rampage  +   b - +1 pair of gloves {Str+3}
Will    +....                   J - +2 pair of boots {rampage}
Stlth   ++++......              N - amulet of reflection
HPRegen 0.32/turn               n - +6 ring of dexterity
MPRegen 0.23/turn               z - +6 ring of strength

@: no status effects
A: fangs 1, strong nose, distributed training
a: Renounce Religion, Heroism, Finesse


You were on level 3 of the Lair of Beasts.
You worshipped Okawaru.
Okawaru was greatly pleased with you.
You visited 6 branches of the dungeon, and saw 26 of its levels.
You also visited: Ice Cave.

You collected 2254 gold pieces.
You spent 1912 gold pieces at shops.

Inventory:

Hand Weapons
 a - the +7 rapier "Trog's Hatred" (weapon) {vamp, rC+ rN+ Str-4 Dex+3}
   (You took it off an orc on level 9 of the Dungeon)

   It occasionally heals its wielder for a portion of the damage dealt when it
   wounds a living foe.
   Str:       It affects your strength (-4).
   Dex:       It affects your dexterity (+3).
   rC:        It protects you from cold.
   rN:        It protects you from negative energy.
 S - a +3 war axe of flaming
Missiles
 d - 6 boomerangs of dispersal
 y - 75 poisoned darts
 G - 13 curare-tipped darts
 M - 16 atropa-tipped darts
 O - 3 throwing nets
Armour
 b - a +1 pair of gloves of strength (worn)
 u - a +2 helmet of see invisible (worn)
 F - a +2 buckler (worn)
 J - a +2 pair of boots of rampaging (worn)
 V - a +4 scale mail of cold resistance (worn)
 Z - a scarf of resistance (worn)
Jewellery
 f - a ring of resist corrosion
 k - a ring of protection from cold
 n - a +6 ring of dexterity (left hand)
 o - a ring of protection from fire
 s - a ring of ice
 z - a +6 ring of strength (right hand)
 E - a ring of willpower
 N - an amulet of reflection (around neck)
 Y - a ring of flight
Wands
 g - a wand of mindburst (4)
 i - a wand of digging (2)
 j - a wand of polymorph (10)
 q - a wand of iceblast (13)
 H - a wand of paralysis (12)
 I - a wand of acid (5)
 R - a wand of flame (21)
Scrolls
 c - 4 scrolls of blinking
 h - 9 scrolls of identify
 l - 7 scrolls of fog
 m - a scroll of summoning
 p - a scroll of fear
 B - 2 scrolls of amnesia
 C - 5 scrolls of teleportation
 L - a scroll of magic mapping
 U - a scroll of holy word
 W - a scroll of enchant weapon
Potions
 e - 3 potions of haste
 r - 10 potions of curing
 t - 3 potions of flight
 v - 3 potions of magic
 x - 3 potions of brilliance
 A - 3 potions of heal wounds
 D - a potion of ambrosia
 K - 2 potions of resistance
 Q - 3 potions of might
Miscellaneous
 w - a condenser vane
 P - a lightning rod (4/4)


   Skills:
 + Level 12.3 Fighting
 + Level 11.5 Short Blades
 + Level 11.5 Long Blades
 + Level 11.5 Axes
 + Level 12.3 Maces & Flails
 + Level 11.5 Polearms
 + Level 11.5 Staves
 + Level 11.5 Slings
 + Level 11.5 Bows
 + Level 11.5 Crossbows
 + Level 11.8 Throwing
 + Level 11.8 Armour
 + Level 12.3 Dodging
 + Level 11.5 Stealth
 + Level 11.5 Shields
 + Level 11.5 Unarmed Combat
 + Level 12.5 Spellcasting
 + Level 9.7 Conjurations
 + Level 9.7 Hexes
 + Level 9.7 Summonings
 + Level 9.7 Necromancy
 + Level 11.1 Translocations
 + Level 9.7 Transmutations
 + Level 9.7 Fire Magic
 + Level 9.7 Ice Magic
 + Level 9.7 Air Magic
 + Level 9.7 Earth Magic
 + Level 9.7 Poison Magic
 + Level 12.5 Invocations
 + Level 11.5 Evocations


You had 12 spell levels left.
You knew the following spells:

 Your Spells              Type           Power      Damage    Failure   Level
a - Blink                 Tloc           90%        N/A       1%          2
b - Gell's Gravitas       Tloc           45%        N/A       1%          3
c - Lesser Beckoning      Tloc           45%        N/A       1%          3
d - Teleport Other        Tloc           45%        N/A       1%          3
e - Magic Dart            Conj           100%       1d8       1%          1
f - Mephitic Cloud        Conj/Pois/Air  41%        N/A       1%          3
g - Manifold Assault      Tloc           45%        N/A       6%          5
h - Petrify               Tmut/Erth      41%        N/A       3%          4
i - Lightning Bolt        Conj/Air       20%        1d35      11%         5

Your spell library contained the following spells:

 Spells                   Type           Power      Damage    Failure   Level
 Static Discharge         Conj/Air       41%        N/A       1%          2
 Sublimation of Blood     Necr           41%        N/A       1%          2
 Blade Hands              Tmut           20%        N/A       11%         5
 Irradiate                Conj/Tmut      20%        3d20      11%         5
 Dragon Form              Tmut           20%        N/A       97%         7
 Maxwell's Capacitive Co  Air            20%        ∞         100%        8
 Call Imp                 Summ           Unusable   N/A       N/A         2

Dungeon Overview and Level Annotations

Branches:
Dungeon (15/15)            Temple (1/1) D:7            Lair (6/6) D:11
 Shoals (1/4) Lair:3        Snake (0/4) Lair:2        Slime (0/5) Lair:5
    Orc (2/2) D:9             Elf (1/3) Orc:2        Vaults (0/5) D:13
 Depths (0/4) D:15          IceCv (visited)

Altars:
Ashenzari
Cheibriados
Dithmenos
Elyvilon
Fedhas
Gozag
Hepliaklqana
Kikubaaqudgha
Makhleb
Nemelex Xobeh
Okawaru
Qazlal
Ru
Sif Muna
Trog
Uskayaw
Vehumet
Wu Jian
Xom
Yredelemnul
Zin
The Shining One
Beogh
Jiyva
Lugonu

Shops:
D:7 :   D:9 !   D:12 !   D:13 *   Orc:1 =   Orc:2 **(**   Elf:1 [

Portals:
Abyss: Lair:6

Annotations:
D:3 1 runed translucent door, Crazy Yiuf
D:6 3 runed translucent doors, bronco's ghost, novice GnCK
D:7 1 runed translucent door, BigCheese's ghost, weakling DsCK
D:14 2 transporters, Axipewex's ghost, journeyman OgTm


Innate Abilities, Weirdness & Mutations

You have very sharp teeth.
Your uncanny sense of smell can sniff out nearby items.
Your experience applies equally to all skills.


Message History

The merfolk avatar chants its luring song.
You closely miss the merfolk avatar. You bite the merfolk avatar.
The merfolk avatar is almost dead.
You closely miss the merfolk avatar.
The merfolk avatar is almost dead.
The merfolk avatar chants its luring song.
The drowned soul touches you. The drowned soul drowns you!
You closely miss the merfolk avatar.
The merfolk avatar is almost dead.
You block the drowned soul's attack.
The merfolk avatar chants its luring song.
You barely miss the merfolk avatar.
You bite the merfolk avatar, but do no damage.
The merfolk avatar is almost dead.
The drowned soul returns to the deep!
The drowned soul touches you. The drowned soul drowns you!
You block the drowned soul's attack.
You puncture the merfolk avatar!
The merfolk avatar is almost dead.
The merfolk avatar chants its luring song.
You hit the merfolk avatar.
You break out of your daze!
You kill the merfolk avatar!
Okawaru accepts your kill.
The drowned soul returns to the deep! x3
You enter the shallow water.
Moving in this stuff is going to be slow.
There is a staircase back to the Lair here.
Welcome back, acdeimund the Gnoll Warper.
Okawaru says: Bring me glory in combat!
Press ? for a list of commands and other information.
Okay, then.
There is a staircase back to the Lair here.
You climb upwards.
Welcome back to the Lair of Beasts!
There is a staircase to the Shoals here.
(D) Dungeon (T) Temple (L) Lair (A) Shoals (P) Snake Pit (M) Slime Pits (O) Orcish Mines (E) Elven Halls (V) Vaults (U) Depths
Where to? (? - help)
Okay, then.
Are you sure you want to abandon this character and quit the game? (Confirm with "yes".)

##.......................
#.......................#
##.'####.#####..........#
#..#≈≈≈#.#≈≈≈#..........#
##.#≈≈≈###≈)≈#......÷...#
###≈≈≈#≈#≈≈≈##..........
#≈####≈'###≈#..........
#≈≈≈#≈≈≈#≈≈≈#..........
#≈≈≈#≈@≈#≈≈≈#.........P
#≈≈≈#≈≈≈#≈≈≈#...#P#####
#≈###'≈####≈##..###
###≈≈≈#≈#≈≈≈##....# ###
#.#≈)≈###≈≈≈#....#####.#
###
#.#≈≈≈#.#≈≈≈#.#...#PP...
..#
#.#####.####'...........
###
#..............#.##.#.##
.##
#####......############


There were no monsters in sight!

Vanquished Creatures
  Rupert (Orc:2)
  Gastronok (Lair:1)
  Louise (D:15)
  The ghost of boopmooplesden the Fencer, a journeyman MiFi of Okawaru (D:13)
  3 orc warlords
  The ghost of Ycigyrier the Severer, a journeyman HOFi of Beogh (D:12)
  Snorg (Orc:1)
  A deep elf death mage (Elf:1)
  A deep elf high priest (Elf:1)
  2 ice dragons (D:15)
  Fannar (Lair:1)
  3 boulder beetles
  A death knight (D:15)
  8 hydras
  A merfolk avatar (Shoals:1)
  An ogre mage (D:13)
  7 two-headed ogres
  A merfolk aquamancer (Shoals:1)
  5 centaur warriors
  9 death yaks (Lair:5)
  A dancing weapon (Elf:1)
  5 tengu warriors
  4 orc high priests (Orc:2)
  2 thrashing horrors (Lair:6)
  Urug (D:10)
  5 deep elf knights
  A skeletal warrior (D:15)
  2 sea snakes
  2 large abominations (Lair:6)
  3 deep elf archers (Elf:1)
  A harpy (Shoals:1)
  13 deep elf pyromancers
  A necromancer (IceCv)
  11 ugly things
  5 orc knights
  7 deep elf zephyrmancers
  A lindwurm (Lair:5)
  5 manticores
  6 orc sorcerers
  6 cyclopes
  8 black mambas
  10 elephants
  5 merfolk sirens
  A centaur zombie (D:11)
  An ice statue (Arena)
  A smoke demon (Lair:6)
  12 cane toads
  An unseen horror (D:12)
  2 torpor snails (Lair:5)
  6 komodo dragons
  5 kobold demonologists
  9 rime drakes
  2 tengu conjurers
  3 freezing wraiths (IceCv)
  10 ice devils
  8 trolls
  An ancient zyme (Lair:6)
  2 entropy weaver simulacra (IceCv)
  3 merfolk (Shoals:1)
  4 polar bears
  A hornet (D:8)
  A tarantella (shapeshifter) (Lair:6)
  A hornet (shapeshifter) (Lair:6)
  2 wolf spider simulacra (D:13)
  36 blink frogs
  14 slime creatures
  4 dream sheep
  6 centaur simulacra
  An air elemental (Elf:1)
  2 spriggans (Lair:6)
  6 wyverns
  2 shadows (D:12)
  A vampire (D:10)
  3 ynoxinuls (Lair:6)
  8 dire elephant simulacra (IceCv)
  A water elemental (D:12)
  6 wraiths
  2 chaos spawn (Lair:6)
  46 yaks
  A basilisk (Lair:6)
  A steam dragon (D:6)
  5 death yak simulacra (IceCv)
  4 wargs (Orc:2)
  A harpy simulacrum (IceCv)
  2 acid dragons
  16 water moccasins
  2 black bears
  A sky beast (D:4)
  33 orc warriors
  2 meliai simulacra
  11 small abominations (Lair:6)
  An ice beast (D:12)
  20 centaurs
  18 wolves
  11 ogres
  A boggart (D:13)
  2 phantoms
  10 kobold brigands
  13 bullfrogs
  An earth elemental (Elf:1)
  4 scorpions
  2 cane toad simulacra (IceCv)
  14 killer bees
  6 elephant simulacra (IceCv)
  3 electric eels
  3 wights (D:7)
  3 hounds
  21 orc priests
  3 jellies
  2 bullfrog skeletons (D:6)
  2 centaur skeletons (D:4)
  2 gnoll shamans
  5 iguanas
  32 orc wizards
  2 spriggan simulacra (IceCv)
  4 polar bear simulacra (IceCv)
  3 wolf simulacra (IceCv)
  A hound skeleton (D:5)
  2 howler monkey zombies
  2 adders
  12 gnolls
  A naga simulacrum (IceCv)
  4 white imps
  5 ufetubi
  2 worms
  2 dart slugs
  89 orcs
  7 endoplasms
  3 giant cockroaches
  3 goblins (D:1)
  6 hobgoblins
  7 jackals
  29 kobolds
  5 quokkas
  5 ball pythons
  6 bats
  2 frilled lizards (D:1)
  7 rats (D:1)
836 creatures vanquished.

Vanquished Creatures (others)
  4 deep elf pyromancers (Elf:1)
  A centaur (D:13)
  An orc wizard (Orc:1)
  40 fungi
  90 plants
136 creatures vanquished.

Grand Total: 972 creatures vanquished

Notes
Turn   | Place    | Note
-------+----------+-------------------------------------------
     0 | D:1      | acdeimund the Gnoll Warper began the quest for the Orb.
     0 | D:1      | Reached XP level 1. HP: 20/20 MP: 6/6
   173 | D:1      | Reached XP level 2. HP: 26/26 MP: 7/7
   667 | D:1      | Reached XP level 3. HP: 20/31 MP: 9/9
   843 | D:1      | Reached skill level 5 in Spellcasting
  1426 | D:2      | Reached skill level 1 in Invocations
  1598 | D:2      | Found a faded altar of an unknown god.
  1669 | D:2      | Reached skill level 1 in Short Blades
  1669 | D:2      | Reached skill level 1 in Long Blades
  1669 | D:2      | Reached skill level 1 in Axes
  1669 | D:2      | Reached skill level 1 in Polearms
  1669 | D:2      | Reached skill level 1 in Staves
  1669 | D:2      | Reached skill level 1 in Slings
  1669 | D:2      | Reached skill level 1 in Bows
  1669 | D:2      | Reached skill level 1 in Crossbows
  1669 | D:2      | Reached skill level 1 in Stealth
  1669 | D:2      | Reached skill level 1 in Shields
  1669 | D:2      | Reached skill level 1 in Unarmed Combat
  1669 | D:2      | Reached skill level 1 in Evocations
  1684 | D:2      | Reached XP level 4. HP: 16/38 MP: 11/11
  1903 | D:2      | Learned a level 2 spell: Blink
  1907 | D:2      | Learned a level 3 spell: Gell's Gravitas
  1911 | D:2      | Learned a level 3 spell: Lesser Beckoning
  1915 | D:2      | Learned a level 3 spell: Teleport Other
  2380 | D:3      | Found a runed translucent door.
  2381 | D:3      | Noticed Crazy Yiuf
  2722 | D:3      | Reached skill level 1 in Conjurations
  2722 | D:3      | Reached skill level 1 in Hexes
  2722 | D:3      | Reached skill level 1 in Summonings
  2722 | D:3      | Reached skill level 1 in Necromancy
  2722 | D:3      | Reached skill level 1 in Transmutations
  2722 | D:3      | Reached skill level 1 in Fire Magic
  2722 | D:3      | Reached skill level 1 in Ice Magic
  2722 | D:3      | Reached skill level 1 in Air Magic
  2722 | D:3      | Reached skill level 1 in Earth Magic
  2722 | D:3      | Reached skill level 1 in Poison Magic
  3200 | D:4      | Reached XP level 5. HP: 38/43 MP: 12/12
  3516 | D:4      | Noticed a phantom
  3538 | D:4      | Killed a phantom
  3761 | D:4      | Reached XP level 6. HP: 15/50 MP: 14/14
  4252 | D:4      | Reached skill level 5 in Fighting
  4252 | D:4      | Reached skill level 5 in Maces & Flails
  4252 | D:4      | Reached skill level 5 in Dodging
  4375 | D:5      | Entered Level 5 of the Dungeon
  4525 | D:5      | Reached XP level 7. HP: 37/56 MP: 15/15
  6256 | D:4      | Reached XP level 8. HP: 59/63 MP: 16/16
  6260 | D:4      | Learned a level 1 spell: Magic Dart
  7184 | D:6      | Identified the +6 rapier of Carved Trial by Ordeal {flame,
                  | Int+4}
  7191 | D:6      | Learned a level 3 spell: Mephitic Cloud
  7668 | D:6      | Found a runed translucent gate.
  7668 | D:6      | Found a runed translucent gate.
  7670 | D:6      | Found a runed translucent gate.
  7672 | D:6      | Noticed bronco's ghost (novice GnCK)
  7763 | D:7      | Found a runed translucent door.
  7783 | D:7      | Noticed BigCheese's ghost (weakling DsCK)
  7962 | D:7      | Reached XP level 9. HP: 69/69 MP: 10/18
  8025 | D:7      | Found Noemunk's Book Emporium.
  8481 | D:7      | Found a staircase to the Ecumenical Temple.
  8490 | Temple   | Entered the Ecumenical Temple
  8857 | Temple   | Became a worshipper of Warmaster Okawaru
  9489 | D:8      | Reached skill level 5 in Throwing
  9489 | D:8      | Reached skill level 5 in Armour
  9571 | D:8      | Identified the +5 scale mail of the Ditch-Digger {Harm
                  | rElec rC- rCorr}
  9670 | D:8      | Noticed a hornet
  9700 | D:8      | Paralysed by a hornet for 3 turns
  9709 | D:8      | Killed a hornet
  9709 | D:8      | Reached * piety under Okawaru
  9850 | D:8      | Noticed a cyclops
 10055 | D:8      | Killed a cyclops
 10056 | D:8      | Reached skill level 5 in Invocations
 10204 | D:8      | Paralysed by a centaur for 2 turns
 10549 | D:9      | Noticed a boulder beetle
 10624 | D:9      | Reached ** piety under Okawaru
 10845 | D:9      | Reached XP level 10. HP: 77/77 MP: 20/20
 11090 | D:9      | Found a staircase to the Orcish Mines.
 11352 | D:9      | Identified the +7 rapier "Trog's Hatred" {vamp, rC+ rN+
                  | Str-4 Dex+3}
 11398 | D:9      | Reached skill level 5 in Short Blades
 11398 | D:9      | Reached skill level 5 in Long Blades
 11398 | D:9      | Reached skill level 5 in Axes
 11398 | D:9      | Reached skill level 5 in Polearms
 11398 | D:9      | Reached skill level 5 in Staves
 11398 | D:9      | Reached skill level 5 in Slings
 11398 | D:9      | Reached skill level 5 in Bows
 11398 | D:9      | Reached skill level 5 in Crossbows
 11398 | D:9      | Reached skill level 5 in Stealth
 11398 | D:9      | Reached skill level 5 in Shields
 11398 | D:9      | Reached skill level 5 in Unarmed Combat
 11398 | D:9      | Reached skill level 5 in Evocations
 11536 | D:9      | Found Rituel's Distillery.
 11549 | D:9      | Noticed a two-headed ogre
 11577 | D:9      | HP: 3/77 [two-headed ogre (12)]
 11587 | D:9      | Killed a two-headed ogre
 12283 | D:9      | Reached *** piety under Okawaru
 12502 | Orc:1    | Entered Level 1 of the Orcish Mines
 12551 | Orc:1    | Noticed an orc warlord
 13104 | Orc:1    | Noticed an orc sorcerer
 13538 | D:10     | Entered Level 10 of the Dungeon
 13580 | D:9      | Killed an orc warlord
 13580 | D:9      | Reached **** piety under Okawaru
 13581 | D:9      | Reached XP level 11. HP: 84/84 MP: 22/22
 13882 | D:10     | Received a gift from Okawaru
 14097 | D:10     | Found a shadowy altar of Dithmenos.
 14100 | D:10     | Noticed Urug
 14146 | D:10     | Killed Urug
 14147 | D:10     | Reached skill level 5 in Conjurations
 14147 | D:10     | Reached skill level 5 in Hexes
 14147 | D:10     | Reached skill level 5 in Summonings
 14147 | D:10     | Reached skill level 5 in Necromancy
 14147 | D:10     | Reached skill level 5 in Transmutations
 14147 | D:10     | Reached skill level 5 in Fire Magic
 14147 | D:10     | Reached skill level 5 in Ice Magic
 14147 | D:10     | Reached skill level 5 in Air Magic
 14147 | D:10     | Reached skill level 5 in Earth Magic
 14147 | D:10     | Reached skill level 5 in Poison Magic
 14593 | D:10     | Reached ***** piety under Okawaru
 15418 | D:10     | Received a gift from Okawaru
 15860 | Orc:1    | Found Imoqinu's Jewellery Boutique.
 15907 | Orc:1    | Killed an orc sorcerer
 16072 | Orc:1    | Bought an amulet of reflection for 540 gold pieces
 16318 | Orc:2    | Entered Level 2 of the Orcish Mines
 16390 | Orc:2    | Noticed a cyclops
 16432 | Orc:2    | Noticed Rupert
 16704 | D:9      | Bought a potion of flight for 39 gold pieces
 16704 | D:9      | Bought a potion of heal wounds for 65 gold pieces
 16921 | D:11     | Received a gift from Okawaru
 17232 | D:11     | Received a gift from Okawaru
 17234 | D:11     | Noticed a cyclops
 17247 | D:11     | Killed a cyclops
 17508 | D:11     | Found a staircase to the Lair.
 17715 | Lair:1   | Entered Level 1 of the Lair of Beasts
 17759 | Lair:1   | Reached XP level 12. HP: 80/94 MP: 24/24
 17959 | Lair:1   | Noticed Fannar
 18009 | Lair:1   | Killed Fannar
 18280 | Lair:1   | Learned a level 5 spell: Manifold Assault
 18736 | Lair:1   | Identified the +6 hunting sling of Tips {vorpal, Fly Dex+5}
 18754 | Lair:1   | Noticed Gastronok
 18785 | Lair:1   | Killed Gastronok
 20110 | Lair:2   | Received a gift from Okawaru
 20460 | Lair:2   | Reached ****** piety under Okawaru
 20473 | Lair:2   | Received a gift from Okawaru
 20832 | Lair:2   | Found a staircase to the Snake Pit.
 20847 | Lair:2   | Received a gift from Okawaru
 20848 | Lair:2   | Reached XP level 13. HP: 101/101 MP: 26/26
 21743 | Lair:2   | Received a gift from Okawaru
 22803 | Lair:3   | Received a gift from Okawaru
 23820 | Lair:3   | Found a staircase to the Shoals.
 24183 | Orc:2    | Found a staircase to the Elven Halls.
 24452 | Orc:2    | Noticed an orc warlord
 24571 | Orc:2    | Paralysed by Rupert for 7 turns
 24592 | Orc:2    | Killed an orc warlord
 24593 | Orc:2    | Reached skill level 10 in Spellcasting
 24610 | Orc:2    | Killed Rupert
 24614 | Orc:2    | Received a gift from Okawaru
 24722 | Orc:2    | Noticed an orc warlord
 24810 | Orc:2    | Killed an orc warlord
 25148 | Orc:2    | Received a gift from Okawaru
 25160 | Orc:2    | Reached skill level 10 in Fighting
 25160 | Orc:2    | Reached skill level 10 in Maces & Flails
 25160 | Orc:2    | Reached skill level 10 in Dodging
 25266 | Orc:2    | Reached XP level 14. HP: 84/110 MP: 28/28
 25462 | Orc:1    | Noticed Snorg
 25512 | Orc:1    | Killed Snorg
 25618 | Orc:2    | Found Naaphene's General Store.
 25748 | Orc:2    | Received a gift from Okawaru
 26101 | Orc:2    | Received a gift from Okawaru
 26215 | Orc:2    | Found Hora's Weapon Emporium.
 26215 | Orc:2    | Found Ywudogge's General Store.
 26217 | Orc:2    | Found Ydaliylu's Assorted Antiques.
 26217 | Orc:2    | Found Naimy's Assorted Antiques.
 26225 | Orc:2    | Bought a slimy brass ring for 115 gold pieces
 26225 | Orc:2    | Identified the ring "Xeiku" {*Corrode EV+4 Str+7 Dex-4
                  | Stlth+} (You bought it in a shop on level 2 of the Orcish
                  | Mines)
 26226 | Orc:2    | Bought a scroll of identify for 58 gold pieces
 26226 | Orc:2    | Bought a scroll labelled MIUCUX GOSA for 29 gold pieces
 26228 | Orc:2    | Bought a condenser vane for 480 gold pieces
 26228 | Orc:2    | Bought a scroll of identify for 24 gold pieces
 26311 | Orc:2    | Reached skill level 10 in Invocations
 26585 | Orc:2    | Received a gift from Okawaru
 28224 | Lair:5   | Identified the +0 pair of boots of the Several Artists
                  | {Will+ Str+2 Int-5 Dex+5} (Okawaru gifted it to you on
                  | level 5 of the Lair of Beasts)
 28224 | Lair:5   | Received a gift from Okawaru
 28904 | Lair:5   | Reached skill level 10 in Throwing
 28904 | Lair:5   | Reached skill level 10 in Armour
 28941 | Lair:5   | Found a viscous altar of Jiyva.
 28941 | Lair:5   | Found a staircase to the Slime Pits.
 30131 | D:8      | Reached XP level 15. HP: 102/117 MP: 22/29
 30343 | Lair:6   | Entered Level 6 of the Lair of Beasts
 31337 | Lair:6   | Reached skill level 10 in Translocations
 31767 | Lair:6   | Received a gift from Okawaru
 32045 | Lair:6   | Reached skill level 10 in Short Blades
 32045 | Lair:6   | Reached skill level 10 in Long Blades
 32045 | Lair:6   | Reached skill level 10 in Axes
 32045 | Lair:6   | Reached skill level 10 in Polearms
 32045 | Lair:6   | Reached skill level 10 in Staves
 32045 | Lair:6   | Reached skill level 10 in Slings
 32045 | Lair:6   | Reached skill level 10 in Bows
 32045 | Lair:6   | Reached skill level 10 in Crossbows
 32045 | Lair:6   | Reached skill level 10 in Stealth
 32045 | Lair:6   | Reached skill level 10 in Shields
 32045 | Lair:6   | Reached skill level 10 in Unarmed Combat
 32045 | Lair:6   | Reached skill level 10 in Evocations
 32110 | Lair:6   | Received a gift from Okawaru
 32773 | Lair:6   | Found a corrupted altar of Lugonu.
 32775 | Lair:6   | Found a one-way gate to the infinite horrors of the Abyss.
 33532 | D:12     | Found Vopuaco's Distillery.
 33573 | D:12     | Found a runed translucent gate.
 33574 | D:12     | Found a runed translucent gate.
 33575 | D:12     | Found a runed translucent gate.
 33578 | D:12     | Noticed Ycigyrier's ghost (journeyman HOFi)
 33647 | D:12     | Found a frozen archway.
 33669 | IceCv    | Entered an ice cave
 33881 | IceCv    | Upgraded the game from 0.28-b1-1-g3c77fb2ed1 to 0.28.0
 34833 | IceCv    | Found an ancient bone altar of Kikubaaqudgha.
 34863 | IceCv    | Received a gift from Okawaru
 35890 | Arena    | Entered the Arena
 36204 | D:12     | Found a snail-covered altar of Cheibriados.
 36680 | Arena    | Entered the Arena
 36985 | D:12     | Identified the +0 pair of boots of the Echidna {Dex+3 SInv}
 37954 | D:12     | Killed Ycigyrier's ghost
 38131 | Elf:1    | Entered Level 1 of the Elven Halls
 38177 | Elf:1    | Received a gift from Okawaru
 38178 | Elf:1    | Reached XP level 16. HP: 126/126 MP: 31/31
 38867 | Elf:1    | Received a gift from Okawaru
 39273 | Elf:1    | Found Xiwomair's Antique Armour Emporium.
 39323 | Elf:1    | Bought a shiny chain mail for 180 gold pieces
 39323 | Elf:1    | Bought a runed chain mail for 180 gold pieces
 39586 | D:13     | Found Enal's Assorted Antiques.
 40092 | D:13     | Received a gift from Okawaru
 40173 | D:13     | Found a gate to the Vaults.
 40210 | D:13     | Noticed boopmooplesden's ghost (journeyman MiFi)
 40236 | D:13     | Found a runed translucent gate.
 40236 | D:13     | Found a runed translucent gate.
 40236 | D:13     | Found a runed translucent gate.
 40937 | D:13     | Received a gift from Okawaru
 40963 | D:13     | Got the ring of Ygiom {Fire Str+4}
 41117 | D:13     | Killed boopmooplesden's ghost
 41161 | D:14     | Found a bloodstained altar of Trog.
 41161 | D:14     | Noticed Axipewex's ghost (journeyman OgTm)
 41228 | D:14     | Learned a level 4 spell: Petrify
 41234 | D:14     | Learned a level 5 spell: Lightning Bolt
 41301 | D:13     | Bought a runed helmet for 202 gold pieces
 41333 | D:14     | Received a gift from Okawaru
 41356 | D:14     | Found a transporter.
 41364 | D:14     | Found a transporter.
 42002 | D:15     | Entered Level 15 of the Dungeon
 43235 | D:15     | Reached XP level 17. HP: 125/133 MP: 33/33
 43442 | D:15     | Found a staircase to the Depths.
 43601 | D:15     | Noticed Louise
 43659 | D:15     | Killed Louise
 44269 | Shoals:1 | Entered Level 1 of the Shoals
 44969 | Shoals:1 | Upgraded the game from 0.28.0 to 0.28.0-1-gb440e238dd
 44973 | Lair:3   | Quit the game

Illustrated notes

Levels and vault maps discovered:
D:1:      psy_arrival_radial02, layout_basic, minmay_liquid_box,
          hangedman_glass_teeth, minmay_misc_feat_enclosed,
          minmay_misc_feat_doors, minmay_3d_cube
D:2:      layout_rooms, shapermc_ecumenical_altar_notcrosses,
          due_unseen_surprise
D:3:      layout_loops_corners, small_statue_intersection, minmay_cut_off,
          uniq_crazy_yiuf_cottage
D:4:      layout_basic
D:5:      layout_rooms, enter_ossuary_5
D:6:      layout_rooms, ebering_ghost_rock_garden
D:7:      layout_loops_corners, minmay_temple_entry_antechambers,
          hellmonk_ghost_happy_afterlife, nicolae_wooded_promenade
D:8:      layout_rooms
D:9:      layout_loops_corners, hiddenorc2_lemuel, serial_shops,
          nicolae_take_the_stairs
D:10:     layout_grid_maze, nicolae_dithmenos_shadow_blocks, nzn_life_drinkers,
          uniq_urug
D:11:     layout_irregular_city, lair_entry_dummy
D:12:     layout_gridville, serial_shops, shop, serial_ice, serial_ice_l,
          serial_ice_c, serial_ice_g, serial_ice_m, serial_ice_h,
          portal_ice_cave_rime, gammafunk_ghost_nasty_kobolds,
          chei_slow_surprise
D:13:     layout_loops_ring, hangedman_vaults_entry_quadrant_bands,
          serial_shops, nicolae_stop_n_shop_1, gammafunk_ghost_icy
D:14:     layout_roguey, kennysheep_cross_room,
          gammafunk_ghost_wrathful_warriors
D:15:     grunt_enter_depths_hoard, layout_basic, uniq_louise
Temple:   mainiacjoe_temple_trianglar_array
Lair:1:   layout_regular_city, infiniplex_staircase_pool, uniq_fannar,
          uniq_gastronok
Lair:2:   layout_roguey, minmay_snake_entry_six_corridors, columned_hall_lemuel,
          hangedman_lair_generics_rect, lemuel_fruit_tree
Lair:3:   layout_gridlike, elwin_shoals_entry_rooms
Lair:4:   layout_gridlike, beast_lair_carwin_5
Lair:5:   nzn_winding_woodlands_three_and_one
          [nzn_winding_woodlands_5x15_split_checker,
          nzn_winding_woodlands_5x15_twine, nzn_winding_woodlands_5x15_sawtooth,
          nzn_winding_woodlands_center_triple_pond], layout_hall_layers,
          dpeg_slime_entry_enclosed_altar, gauntlet_entry_generic,
          serial_forest, infiniplex_forest_lined_3,
          infiniplex_forest_clump_diagonal, infiniplex_forest_lined_1,
          infiniplex_forest_lined_ring, infiniplex_forest_fountain,
          infiniplex_forest_lined_room_3, infiniplex_forest_lined_room_2
Lair:6:   hellmonk_lair_end_abyssal_woods, layout_gridlike,
          chequers_serial_rivers_room_b, serial_bayou_shore_b,
          grunt_megastairs_1
Shoals:1: layout_shoals, nicolae_shoals_water_booths
Orc:1:    layout_caves, basic_altar, minmay_shop_enchanted_jewellery, uniq_snorg
Orc:2:    grunt_orc_tribal_feast, layout_caves, serial_shops,
          nicolae_shop_advertising_works [nicolae_subvault_shop_adworks],
          kennysheep_orc_chapel, uniq_rupert
Elf:1:    layout_rooms, serial_shops, shop, kennysheep_underground_church,
          nicolae_twisting_strands

Skill      XL: |  1  2  3  4  5  6  7  8  9 10 11 12 13 14 15 16 |
---------------+-------------------------------------------------+-----
Spellcasting   | 5 6 7 8 9 10 11 12 | 12.5
Invocations    | 1 2 3 4 5 6 7 8 9 10 11 12 | 12.5
Short Blades   | 1 2 3 4 5 6 7 8 9 10 11 | 11.5
Long Blades    | 1 2 3 4 5 6 7 8 9 10 11 | 11.5
Axes           | 1 2 3 4 5 6 7 8 9 10 11 | 11.5
Polearms       | 1 2 3 4 5 6 7 8 9 10 11 | 11.5
Staves         | 1 2 3 4 5 6 7 8 9 10 11 | 11.5
Slings         | 1 2 3 4 5 6 7 8 9 10 11 | 11.5
Bows           | 1 2 3 4 5 6 7 8 9 10 11 | 11.5
Crossbows      | 1 2 3 4 5 6 7 8 9 10 11 | 11.5
Stealth        | 1 2 3 4 5 6 7 8 9 10 11 | 11.5
Shields        | 1 2 3 4 5 6 7 8 9 10 11 | 11.5
Unarmed Combat | 1 2 3 4 5 6 7 8 9 10 11 | 11.5
Evocations     | 1 2 3 4 5 6 7 8 9 10 11 | 11.5
Conjurations   | 1 2 3 4 5 6 7 8 9 |  9.7
Hexes          | 1 2 3 4 5 6 7 8 9 |  9.7
Summonings     | 1 2 3 4 5 6 7 8 9 |  9.7
Necromancy     | 1 2 3 4 5 6 7 8 9 |  9.7
Transmutations | 1 2 3 4 5 6 7 8 9 |  9.7
Fire Magic     | 1 2 3 4 5 6 7 8 9 |  9.7
Ice Magic      | 1 2 3 4 5 6 7 8 9 |  9.7
Air Magic      | 1 2 3 4 5 6 7 8 9 |  9.7
Earth Magic    | 1 2 3 4 5 6 7 8 9 |  9.7
Poison Magic   | 1 2 3 4 5 6 7 8 9 |  9.7
Throwing       | 3 4 5 6 7 8 9 10 11 | 11.8
Armour         | 3 4 5 6 7 8 9 10 11 | 11.8
Fighting       | 5 6 7 8 9 10 11 12 | 12.3
Maces & Flails | 5 6 7 8 9 10 11 12 | 12.3
Dodging        | 5 6 7 8 9 10 11 12 | 12.3
Translocations | 6 7 8 9 10 11 | 11.1

Action                   |  1- 3 |  4- 6 |  7- 9 | 10-12 | 13-15 | 16-18 || total
-------------------------+-------+-------+-------+-------+-------+-------++-------
Melee: Mace              |   143 |   159 |   147 |       |       |       ||   449
       Bite              |    10 |    21 |    35 |   116 |   404 |   196 ||   782
       Punch             |     2 |     4 |    13 |    20 |       |       ||    39
       Rapier            |       |       |   144 |   835 |  2024 |   964 ||  3967
       War axe           |       |       |       |       |   133 |     7 ||   140
 Fire: Hunting sling     |       |       |       |    43 |     6 |       ||    49
Throw: Dart              |       |       |     5 |     5 |       |       ||    10
       Boomerang         |       |       |     1 |       |       |       ||     1
 Cast: Magic Dart        |       |       |    74 |   110 |   207 |     8 ||   399
       Mephitic Cloud    |       |       |     5 |    57 |    55 |    27 ||   144
       Blink             |       |       |     2 |     8 |     4 |     1 ||    15
       Gell's Gravitas   |       |       |     1 |       |       |     1 ||     2
       Teleport Other    |       |       |       |     2 |     5 |     1 ||     8
       Lightning Bolt    |       |       |       |       |       |     1 ||     1
Invok: Heroism           |       |       |       |     2 |    12 |     5 ||    19
       Finesse           |       |       |       |     2 |    12 |     5 ||    19
       Duel              |       |       |       |       |     2 |       ||     2
Evoke: Wand              |       |       |       |    13 |    65 |       ||    78
       Condenser vane    |       |       |       |       |     1 |     1 ||     2
  Use: Scroll            |       |     9 |     8 |     8 |     4 |     5 ||    34
       Potion            |       |       |     1 |       |     5 |     3 ||     9
 Stab: Sleeping          |       |     5 |     2 |     9 |    30 |    17 ||    63
       Confused          |       |       |     6 |    28 |    22 |    19 ||    75
       Paralysed         |       |       |       |     3 |       |       ||     3
       Distracted        |       |       |       |       |     2 |     1 ||     3
Armor: Leather armour    |    32 |    43 |    94 |   181 |    22 |       ||   372
       Ring mail         |    21 |     4 |       |       |       |       ||    25
       Scale mail        |       |       |       |       |   324 |   183 ||   507
Dodge: Dodged            |    84 |   135 |   221 |   453 |   865 |   415 ||  2173
Block: Buckler           |       |       |       |   266 |   999 |   476 ||  1741
       Reflection        |       |       |       |     5 |     9 |    44 ||    58
